 Dungeon Crawl Stone Soup version 0.15-b1-96-ga104039 (webtiles) character file.

21815 bataille the Martial Artist (level 12, -5/89 HPs)
             Began as a Demonspawn Wanderer on Aug 21, 2014.
             Was an Elder of Kikubaaqudgha.
             Slain by a frost giant
             ... wielding a +0 battleaxe of freezing
              (12 damage)
             ... in an ice cave.
             The game lasted 01:05:15 (9018 turns).

bataille the Martial Artist (Demonspawn Wanderer)   Turns: 9018, Time: 01:05:17

HP  -5/89        AC  6     Str 13      XL: 12   Next: 57%
MP  22/26        EV 26     Int 16      God: Kikubaaqudgha [****..]
Gold 583         SH  0     Dex 30      Spells:  5 memorised, 12 levels left

rFire  . . .     SeeInvis .       - Unarmed
rCold  . . .     Clarity  +     e - +0 troll leather armour
rNeg   . . .     rCorr    .     (no shield)
rPois  .         rRot     .     (no helmet)
rElec  .         Spirit   .     V - +1 cloak {+Inv}
SustAb .         Warding  .     (gloves unavailable)
rMut   .         Stasis   .     (no boots)
Gourm  .                        U - amulet of clarity
MR     .....                    E - +6 ring of dexterity
                                C - +4 ring of dexterity

@: agile, not resistant to hostile enchantments, fairly stealthy
A: claws 3, hooves 2, demonic guardian 1, powered by pain 2
a: Receive Corpses, Renounce Religion, Evoke Invisibility


You were in an ice cave.
You worshipped Kikubaaqudgha.
Kikubaaqudgha was greatly pleased with you.
You were not hungry.

You visited 3 branches of the dungeon, and saw 15 of its levels.
You also visited: Labyrinth and Ice Cave.

You collected 583 gold pieces.

Inventory:

Hand weapons
 c - the +10 hand axe "Siudgh" {antimagic, rElec rPois rC+}
   (You found it on level 6 of the Dungeon)

   It disrupts the flow of magical energy around spellcasters and certain
   magical creatures (including the wielder).
   It protects you from cold.
   It insulates you from electricity.
   It protects you from poison.
Missiles
 v - a throwing net (quivered)
 O - 5 tomahawks of dispersal
Armour
 b - a +1 ring mail of cold resistance
 e - a +0 troll leather armour (worn)
 s - a +2 robe of magic resistance
 V - a +1 cloak of darkness (worn)
Magical devices
 i - a wand of polymorph (13)
 x - a wand of slowing (14)
 B - a wand of magic darts (23)
 D - a wand of fireball (0)
 F - a wand of flame (16)
 G - a wand of draining (3)
 Q - a wand of draining (4)
 W - a wand of random effects (13)
 X - a wand of lightning (3)
 Z - a wand of confusion (10)
Comestibles
 f - 12 bread rations
 w - 4 meat rations
Scrolls
 a - 3 scrolls of fog
 k - a scroll of magic mapping
 l - a scroll of recharging
 m - 4 scrolls of teleportation
 y - 4 scrolls of remove curse
 Y - 2 scrolls of identify
Jewellery
 g - an uncursed ring of teleport control
 n - an uncursed amulet of guardian spirit
 t - an uncursed amulet of the gourmand
 C - a +4 ring of dexterity (left claw)
 E - a +6 ring of dexterity (right claw)
 N - an uncursed ring of poison resistance
 P - an uncursed amulet of warding
 U - an amulet of clarity (around neck)
Potions
 d - 2 potions of agility
 h - a potion of restore abilities {unknown}
 j - a potion of cure mutation {unknown}
 o - 3 potions of brilliance
 p - 3 potions of magic
 q - 3 potions of lignification
 r - 2 potions of poison {unknown}
 z - 2 potions of invisibility
 L - 2 potions of cancellation
 M - a potion of mutation
 S - 2 potions of curing
 T - 2 potions of berserk rage {unknown}
Books
 u - Kikubaaqudgha's Catalogue of Sinister Arts
   (Kikubaaqudgha gifted it to you on level 1 of the Lair of Beasts)

   Spells                             Type                      Level
   *Animate Dead                      Necromancy                   4
   Excruciating Wounds                Charms/Necromancy            5
   Dispel Undead                      Necromancy                   5
   Twisted Resurrection               Necromancy                   5
   Simulacrum                         Ice/Necromancy               6
 A - a book of the Sky

   Spells                             Type                      Level
   Flight                             Charms/Air                   3
   Airstrike                          Air                          4
   Silence                            Hexes/Air                    5
   Deflect Missiles                   Charms/Air                   6
   Conjure Ball Lightning             Conjuration/Air              6
   Tornado                            Air                          9
 H - the Collected Works on Boosts
   (You found it in a labyrinth)

   Spells                             Type                      Level
   *Regeneration                      Charms/Necromancy            3
   Excruciating Wounds                Charms/Necromancy            5
   Iskenderun's Battlesphere          Conjuration/Charms           5
 I - Kikubaaqudgha's Papyrus of Evil Secrets
   (Kikubaaqudgha gifted it to you on level 8 of the Dungeon)

   Spells                             Type                      Level
   *Animate Skeleton                  Necromancy                   1
   *Corpse Rot                        Necromancy                   2
   Sublimation of Blood               Necromancy                   2
   Vampiric Draining                  Necromancy                   3
   Control Undead                     Necromancy                   4
 J - a book of Geomancy

   Spells                             Type                      Level
   Sandblast                          Earth                        1
   *Stoneskin                         Transmutation/Earth          2
   Passwall                           Transmutation/Earth          3
   Stone Arrow                        Conjuration/Earth            3
   Petrify                            Transmutation/Earth          4
   Lee's Rapid Deconstruction         Earth                        5
 K - a book of Burglary

   Spells                             Type                      Level
   Swiftness                          Charms/Air                   2
   Passwall                           Transmutation/Earth          3
   Passage of Golubria                Translocation                4
   Lee's Rapid Deconstruction         Earth                        5
   Invisibility                       Hexes                        6
   Darkness                           Hexes                        7
 R - the Almanac of Battle Magic
   (You found it in a labyrinth)

   Spells                             Type                      Level
   Sting                              Conjuration/Poison           1
   Throw Frost                        Conjuration/Ice              2
   Static Discharge                   Conjuration/Air              3
   Dazzling Spray                     Conjuration/Hexes            3
   Force Lance                        Conjuration                  5


   Skills:
 + Level 6.4 Fighting
   Level 1.6 Crossbows
 - Level 1.0 Throwing
 - Level 1.0 Armour
 - Level 8.5 Dodging
   Level 1.0 Shields
 - Level 10.3 Unarmed Combat
 - Level 6.9 Spellcasting
 - Level 5.5 Charms
 + Level 7.7 Necromancy
 + Level 7.5 Earth Magic


You had 12 spell levels left.
You knew the following spells:

 Your Spells              Type           Power        Failure   Level  Hunger
a - Animate Dead          Necr           N/A          8%          4    ####...
b - Animate Skeleton      Necr           N/A          1%          1    None
c - Corpse Rot            Necr           N/A          1%          2    None
k - Stoneskin             Trmt/Erth      ###.....     4%          2    None
r - Regeneration          Chrm/Necr      ####......   2%          3    ##.....


Dungeon Overview and Level Annotations

Branches:
Dungeon (11/15)            Temple (1/1) D:6            Lair (3/8) D:11
    Orc: D:9-12       Swamp: Lair:3-6    Shoals: Lair:3-6     Snake: Lair:3-6
 Spider: Lair:3-6

Altars:
Ashenzari
Cheibriados
Dithmenos
Elyvilon
Fedhas
Kikubaaqudgha
Makhleb
Nemelex Xobeh
Okawaru
Qazlal
Sif Muna
Trog
Vehumet
Xom
Yredelemnul
Zin
The Shining One

Annotations:
D:10 Fannar


Innate Abilities, Weirdness & Mutations

You have claws for hands.
You have hoof-like feet.
A weak demonic guardian rushes to your aid.
You sometimes gain power by taking damage.


Message History

The frost giant hits your polar bear zombie with a battleaxe of freezing!
The frost giant freezes your polar bear zombie.
The frost giant hits you with a battleaxe of freezing!
The frost giant freezes you.
Unknown command.
You scratch the frost giant but do no damage.
You kick the frost giant.
The frost giant is almost dead.
Your polar bear zombie barely misses the frost giant.
Your polar bear zombie claws the frost giant.
Your polar bear zombie barely misses the frost giant.
Unknown command.
You scratch the frost giant.
The frost giant is almost dead.
The frost giant hits you with a battleaxe of freezing!!
* * * LOW HITPOINT WARNING * * *
You focus on the pain.
You feel your power returning. The frost giant freezes you!
You die...
Kikubaaqudgha rasps: "You have failed me!
Welcome... death!"

# ### #) ##)# .$
#.Z##### .###
###ZZ..### ...##
###ZZZ.#..Z## ....#
##..Z.Z####ZZ###C..#
##....Z#####..##@Z.#
....#####.#Z###.Z###
Z..## #.⌠ZZZ###Z.#
Z### ##...#.#.###
######## ######Z##
Z##...Z### ###
#ZZ..#...###
#######ZZZZ###
####Z.Z##


You could see a frost giant (bleeding), a friendly wolf zombie, a friendly yak
zombie and a friendly polar bear zombie.

Vanquished Creatures
  A minotaur (Lab)
  An unseen horror (D:10)
  A hill giant (D:11)
  Maurice (D:11)
  Joseph (D:11)
  A black mamba (Lair:1)
  4 spiny frogs
  A minotaur zombie (Lab)
  A troll (D:10)
  A two-headed ogre (D:10)
  13 polar bears (IceCv)
  A wraith (D:11)
  3 shadows
  A deep elf mage (D:10)
  A wyvern (D:11)
  Eustachio (D:7)
  35 yaks
  14 wolves (IceCv)
  5 hippogriffs
  A hill giant skeleton (D:4)
  An orc warrior (D:7)
  An ice beast (D:10)
  2 porcupines
  3 water moccasins
  A black bear (D:9)
  2 sky beasts
  2 ogres
  The ghost of bataille the Skirmisher, an average DsWn (D:3)
  9 crocodiles (Lair:2)
  2 centaurs
  7 giant frogs
  2 big kobolds
  A troll zombie (D:8)
  An eye of draining (D:8)
  6 scorpions
  3 wights
  A hippogriff skeleton (D:11)
  3 crimson imps
  2 jellies
  A goliath beetle (D:6)
  A hound (D:8)
  2 orc priests
  A giant frog skeleton (D:5)
  4 iguanas
  An elf skeleton (D:9)
  4 orc wizards
  4 worker ants
  A sheep (D:10)
  Ijyb (D:3)
  Jessica (D:2)
  An ogre skeleton (D:5)
  15 adders
  14 green rats (Lair:1)
  3 gnolls (D:3)
  A shadow imp (D:6)
  A giant mite (D:5)
  9 white imps (Lair:3)
  4 worms
  An adder zombie (D:7)
  An iguana zombie (D:8)
  An adder skeleton (D:5)
  4 giant geckos
  4 oozes
  27 orcs
  15 bats
  2 giant cockroaches
  11 goblins
  9 hobgoblins
  14 jackals
  13 kobolds
  2 quokkas
  A ball python (D:3)
  5 giant newts
  A giant spore (D:9)
  An orc skeleton (D:7)
  7 rats
  2 ballistomycetes (D:9)
  A plant (Lair:2)
329 creatures vanquished.

Vanquished Creatures (collateral kills)
  The ghost of BoredOne the Eclecticist, a powerful DECj of Sif Muna (Lair:2)
  An ice statue (IceCv)
  A fire drake (D:11)
  A komodo dragon (Lair:2)
  3 polar bears (IceCv)
  6 yaks
  A hippogriff (D:11)
  A wolf (IceCv)
  2 water moccasins
  3 ice beasts (IceCv)
  2 crocodiles
  2 giant frogs
  A cyclops skeleton (D:11)
  2 orc wizards (D:4)
  2 adders
  A green rat (Lair:1)
  3 white imps (Lair:3)
  A giant gecko (D:10)
  5 orcs
  A jackal (D:9)
  2 kobolds (D:9)
  2 fungi
44 creatures vanquished.

Vanquished Creatures (others)
  2 water moccasin zombies (Lair:2)
  7 polar bear zombies (IceCv)
  7 yak zombies
  A yak skeleton (Lair:1)
  5 wolf zombies (IceCv)
  19 crimson imps
  16 quasits
  A porcupine zombie (Lair:2)
  18 iron imps
  16 white imps
  25 ufetubi
  A kobold (D:9)
  A giant gecko (D:1)
119 creatures vanquished.

Grand Total: 492 creatures vanquished

Notes
Turn   | Place    | Note
--------------------------------------------------------------
     0 | D:1      | bataille, the Demonspawn Wanderer, began the quest for the Orb.
     0 | D:1      | Reached XP level 1. HP: 18/18 MP: 1/1
   143 | D:1      | Gained mutation: A weak demonic guardian rushes to your aid. [demonic ancestry]
   143 | D:1      | Reached XP level 2. HP: 24/24 MP: 2/2
   695 | D:2      | Gained mutation: You have sharp fingernails. [demonic ancestry]
   695 | D:2      | Reached XP level 3. HP: 20/29 MP: 3/3
   966 | D:2      | Reached XP level 4. HP: 25/35 MP: 4/4
  1074 | D:2      | Noticed Jessica
  1076 | D:2      | Killed Jessica
  1076 | D:2      | Reached skill level 4 in Unarmed Combat
  1237 | D:3      | Noticed a giant frog
  1247 | D:3      | Killed a giant frog
  1247 | D:3      | Reached XP level 5. HP: 29/41 MP: 3/5
  1307 | D:3      | Found a glowing golden altar of the Shining One.
  1311 | D:3      | Noticed bataille's ghost (average DsWn)
  1333 | D:3      | Killed bataille's ghost
  1333 | D:3      | Reached skill level 5 in Unarmed Combat
  1400 | D:3      | Noticed Ijyb
  1429 | D:3      | Killed Ijyb
  1429 | D:3      | Gained mutation: You have large cloven feet. [demonic ancestry]
  1429 | D:3      | Reached XP level 6. HP: 40/47 MP: 6/6
  1781 | D:3      | Reached skill level 6 in Unarmed Combat
  2312 | D:4      | Noticed a hill giant skeleton
  2341 | D:4      | Killed a hill giant skeleton
  2341 | D:4      | Reached skill level 7 in Unarmed Combat
  2341 | D:4      | Gained mutation: You have very sharp fingernails. [demonic ancestry]
  2341 | D:4      | Reached XP level 7. HP: 52/52 MP: 7/7
  2509 | D:5      | Entered Level 5 of the Dungeon
  2559 | D:5      | Found a shattered altar of Ashenzari.
  2983 | D:5      | HP: 1/52 [ice beast (12)]
  3132 | D:6      | Got a slimy hand axe
  3143 | D:6      | Identified the +10 hand axe "Siudgh" {antimagic, rElec rPois rC+} (You found it on level 6 of the Dungeon)
  3182 | D:6      | Found a shimmering altar of Xom.
  3430 | D:6      | Found a staircase to the Ecumenical Temple.
  3438 | Temple   | Entered the Ecumenical Temple
  3484 | Temple   | Became a worshipper of Kikubaaqudgha
  3533 | D:6      | Found a shadowy altar of Dithmenos.
  3585 | D:6      | Gained mutation: You sometimes gain a little power by taking damage. [demonic ancestry]
  3585 | D:6      | Reached XP level 8. HP: 58/58 MP: 8/8
  3750 | D:7      | Reached skill level 8 in Unarmed Combat
  3762 | D:7      | Noticed Eustachio
  3773 | D:7      | Killed Eustachio
  3894 | D:7      | Found a glowing golden altar of the Shining One.
  4021 | D:8      | Reached skill level 5 in Dodging
  4022 | D:8      | Acquired Kikubaaqudgha's first power
  4022 | D:8      | Received a gift from Kikubaaqudgha
  4025 | D:8      | Identified Kikubaaqudgha's Papyrus of Evil Secrets (Kikubaaqudgha gifted it to you on level 8 of the Dungeon)
  4033 | D:8      | Learned a level 2 spell: Corpse Rot
  4271 | D:8      | Reached skill level 9 in Unarmed Combat
  4534 | D:9      | Reached XP level 9. HP: 43/63 MP: 6/9
  4643 | D:9      | Found a burning altar of Makhleb.
  4819 | D:9      | Found a sparkling altar of Nemelex Xobeh.
  5033 | D:10     | Entered Level 10 of the Dungeon
  5106 | D:10     | Killed an unseen horror
  5106 | D:10     | Reached skill level 10 in Unarmed Combat
  5299 | D:10     | Acquired Kikubaaqudgha's second power
  5299 | D:10     | Reached skill level 1 in Spellcasting
  5299 | D:10     | Reached skill level 1 in Necromancy
  5383 | D:10     | Noticed Fannar
  5774 | D:10     | Gained mutation: You have claws for hands. [demonic ancestry]
  5774 | D:10     | Reached XP level 10. HP: 70/70 MP: 15/15
  5936 | D:11     | Found a labyrinth entrance.
  5943 | Lab      | Entered a labyrinth
  6346 | Lab      | Noticed a minotaur
  6354 | Lab      | Killed a minotaur
  6357 | Lab      | Got a twisted chain mail
  6357 | Lab      | Identified the Collected Works on Boosts (You found it in a labyrinth)
  6357 | Lab      | Identified the Almanac of Battle Magic (You found it in a labyrinth)
  6422 | Lab      | Identified the +8 chain mail "Reot" {rElec Curse} (You found it in a labyrinth)
  6453 | Lab      | Learned a level 3 spell: Regeneration
  6456 | Lab      | Learned a level 2 spell: Stoneskin
  6559 | D:11     | Learned a level 1 spell: Animate Skeleton
  6580 | D:11     | Got a pitted ring mail
  6725 | D:11     | Noticed Maurice
  6736 | D:11     | Killed Maurice
  6736 | D:11     | Reached skill level 1 in Charms
  6736 | D:11     | Reached skill level 1 in Earth Magic
  6756 | D:11     | Noticed a hill giant
  6768 | D:11     | Killed a hill giant
  6771 | D:11     | Noticed Joseph
  6790 | D:11     | Killed Joseph
  6899 | D:11     | Found a staircase to the Lair.
  6982 | Lair:1   | Entered Level 1 of the Lair of Beasts
  7021 | Lair:1   | Gained mutation: You sometimes gain power by taking damage. [demonic ancestry]
  7021 | Lair:1   | Reached XP level 11. HP: 68/75 MP: 19/22
  7034 | Lair:1   | Identified the cursed +0 ring mail "Mong" {Str-5 Int-3} (You found it on level 11 of the Dungeon)
  7074 | Lair:1   | Reached skill level 5 in Spellcasting
  7199 | Lair:1   | Found a deep blue altar of Sif Muna.
  7553 | Lair:1   | Received a gift from Kikubaaqudgha
  7556 | Lair:1   | Identified Kikubaaqudgha's Catalogue of Sinister Arts (Kikubaaqudgha gifted it to you on level 1 of the Lair of Beasts)
  7562 | Lair:1   | Learned a level 4 spell: Animate Dead
  7646 | Lair:2   | Found a glowing silver altar of Zin.
  7841 | Lair:2   | Noticed BoredOne's ghost (powerful DECj)
  7851 | Lair:2   | Killed BoredOne's ghost
  7885 | Lair:2   | Reached skill level 5 in Earth Magic
  7890 | Lair:2   | Reached skill level 5 in Charms
  8144 | Lair:3   | Acquired Kikubaaqudgha's third power
  8187 | Lair:3   | Reached skill level 5 in Necromancy
  8268 | Lair:3   | Found a frozen archway.
  8329 | IceCv    | Entered an ice cave
  8451 | IceCv    | Gained mutation: You have hoof-like feet. [demonic ancestry]
  8451 | IceCv    | Reached XP level 12. HP: 40/83 MP: 3/26
  8631 | IceCv    | Reached skill level 5 in Fighting
  8745 | IceCv    | Noticed an ice statue
  8804 | IceCv    | Killed an ice statue
  8955 | IceCv    | Noticed a frost giant
  9018 | IceCv    | Slain by a frost giant

Action                   |  1- 3 |  4- 6 |  7- 9 | 10-12 || total
-------------------------+-------+-------+-------+-------++-------
Melee: Unarmed           |       |    21 |   252 |   587 ||   860
 Fire: Hand crossbow     |    96 |   145 |    72 |       ||   313
 Cast: Regeneration      |       |       |       |    26 ||    26
       Animate Skeleton  |       |       |       |     9 ||     9
       Stoneskin         |       |       |       |    14 ||    14
       Animate Dead      |       |       |       |    18 ||    18
Invok: Receive Corpses   |       |       |       |     3 ||     3
Evoke: Wand              |       |       |    11 |    10 ||    21
  Use: Potion            |       |     1 |     6 |     1 ||     8
       Scroll            |       |       |    26 |     7 ||    33
 Stab: Sleeping          |       |       |     2 |     2 ||     4
       Distracted        |       |       |     1 |    10 ||    11
  Eat: Chunk             |       |     4 |     7 |    11 ||    22
       Royal jelly       |       |       |     1 |       ||     1
       Fruit             |       |       |     3 |     6 ||     9
       Beef jerky        |       |       |     1 |       ||     1
       Meat ration       |       |       |       |     1 ||     1
